Map: Multiprocesador EE

Players

MrFercho - Winner!

  • Race: Zerg Zerg
  • League: Silver
  • Spawn Location: 9:00

tigro

  • Race: Terran Terran
  • League: Bronze
  • Spawn Location: 5:00

VOD

Have the link to the VOD?

Description

Time

  • Played on: May 27, 2020, 8:37 p.m.
  • Length: 11:44
Show
View Real Time Build Order
Export as new Build Order

MrFercho Zerg - Winner!

Build Orders: Pool First 

Get SALT Encoding   

  12  0:01  Drone  
  13  0:25  Spawning Pool  
  12  0:31  Overlord  
  12  0:43  Drone x2  
  14  1:12  Hatchery  
  14  1:13  Extractor  
  14  1:14  Drone  
  13  1:26  Drone x2  
  13  1:27  Evolution Chamber  
  14  1:46  Queen  
  16  2:00  Drone x3  
  19  2:19  Metabolic Boost  
  19  2:23  Extractor  
  19  2:29  Zergling x2  
  21  2:30  Zergling x4  
  21  2:54  Drone x4  
  25  3:04  Zerg Melee Weapons Level 1  
  25  3:11  Zergling x6  
  28  3:14  Overlord  
  28  3:20  Overlord  
  28  3:36  Zergling x2  
  28  3:37  Zergling x6  
  28  4:43  Zergling x12  
  28  4:44  Zergling x6  
  34  7:04  Lair  
  34  8:07  Hydralisk Den  
  34  8:11  Spire  
  32  8:45  Hydralisk  
  32  8:46  Hydralisk x4  
  42  8:49  Overlord  
  42  9:28  Mutalisk  
  42  9:29  Mutalisk x3  
Show
View Real Time Build Order
Export as new Build Order

tigro Terran 

Build Orders:  

Get SALT Encoding   

  12  0:02  SCV  
  13  0:14  SCV  
  14  0:23  Supply Depot  
  14  0:26  SCV  
  15  0:31  Refinery  
  15  0:57  SCV  
  16  0:58  Barracks  
  16  1:09  SCV  
  16  1:10  Refinery  
  17  1:21  SCV  
  18  1:28  Supply Depot  
  18  1:33  SCV  
  19  1:45  SCV  
  20  1:48  Marine  
  21  1:57  SCV  
  22  2:06  Marine  
  23  2:09  SCV  
  23  2:12  Barracks  
  24  2:21  SCV  
  25  2:23  Marine  
  26  2:30  Engineering Bay  
  26  2:33  SCV  
  27  2:41  Marine  
  28  2:46  Orbital Command  
  28  2:59  Marine  
  28  3:01  Barracks Tech Lab  
  29  3:09  Factory  
  29  3:28  Barracks Tech Lab  
  29  3:30  Command Center  
  29  3:32  Marauder  
  31  3:35  Combat Shield  
  31  3:51  Stimpack  
  31  3:54  Marine  
  32  3:56  Factory Tech Lab  
  32  4:13  Missile Turret  
  32  4:23  Marine  
  33  4:31  Marine  
  30  4:34  Armory  
  23  4:40  Marine  
  23  4:49  Marine  
  13  4:56  Hellion  
  13  4:58  Marine  
  7  5:06  Marine  
  7  5:16  Marine  
  5  5:28  Marine  
  4  5:34  Marine  
  2  6:01  SCV  
  2  6:13  SCV  
  3  6:25  SCV  
  4  6:33  Engineering Bay  
  4  6:37  SCV  
  5  6:49  SCV  
  6  7:00  Supply Depot  
  6  7:01  SCV  
  7  7:13  SCV  
  8  7:25  SCV  
  9  7:37  SCV  
  10  8:02  Orbital Command  
  10  8:06  Barracks  
  10  8:10  Refinery  
  10  8:31  SCV  
  11  8:43  SCV  
  12  8:55  SCV  
  13  9:07  SCV  
  14  9:14  Barracks Tech Lab  
  14  9:19  SCV  
  15  9:26  Factory  
  15  9:38  Concussive Shells  
  15  9:40  Marine  
  16  9:58  Marine  
  17  10:13  Factory Tech Lab  
  17  10:16  Marine  
  18  10:29  Armory  
  18  10:31  Refinery  
  18  10:34  Marine  
  19  10:38  Cyclone  
  22  10:51  Marine  
  23  11:09  Marine  
  21  11:18  Hellion  
Tags
 
Matchup
TvZ
Opening
Pool First
Replay Pack
MrFercho
Spawn Locations
Cross Positions
Add a new tag
Caveats
  • Supply blocks, unpowered buildings, or Contaminate may cause inaccurate times.
  • Supply counts are checked every 10 seconds.